[ AOE2 MATCH · #469704350 ]
Team RMHuns vs Italians
[ REPLAY ANALYSIS · EXTRACTED FROM THE RECORDED GAME ]
Feudal
13:59
Castle
22:01
Imperial
50:30
| APM avg | 36.3 |
| APM peak | 72 |
| eAPM avg | 19.5 |
| Villagers / military | 117 / 38 |
Focus
⚔️ 19.7% · 🌾 80.3%
Scout Cavalry ×37 · Fishing Ship ×8 · Knight ×1
Feudal
13:43
Castle
17:17
Imperial
43:10
| APM avg | 33.3 |
| APM peak | 75 |
| eAPM avg | 18.3 |
| Villagers / military | 133 / 73 |
Focus
⚔️ 32.0% · 🌾 68.0%
Genoese Crossbowman ×36 · Skirmisher ×19 · Mangonel ×8 · Fishing Ship ×7 · Spearman ×3 · Fire Galley ×3
Feudal
12:15
Castle
15:46
Imperial
38:22
| APM avg | 43.3 |
| APM peak | 83 |
| eAPM avg | 24.2 |
| Villagers / military | 169 / 256 |
Focus
⚔️ 49.3% · 🌾 50.7%
Archer ×125 · Scout Cavalry ×112 · Knight ×9 · Fishing Ship ×8 · Trebuchet (Packed) ×6 · Mangonel ×3
Feudal
13:07
Castle
26:52
Imperial
43:49
| APM avg | 38.1 |
| APM peak | 121 |
| eAPM avg | 24.2 |
| Villagers / military | 155 / 130 |
Focus
⚔️ 35.6% · 🌾 64.4%
Spearman ×44 · Skirmisher ×43 · Fire Lancer ×36 · Fishing Ship ×9 · Iron Pagoda ×3 · Trebuchet (Packed) ×3
Match map
Initial resources + every placement click. Lines = walls · curves = elevation contours. ◆ gold · ⬟ stone · ● berries · ✦ relic · ◌ wall gap
Your base· Open — unwalled flank
yūgen's base· Open — unwalled flank
Kullervo's base· Open — 8t gap
pawheeeeee's base· Open — 3t gap
Smoothed initial terrain · ◌ = detected wall gap · hover for details
Inputs per minute
— Markki22 kela.fi - - yūgen
Build order — Markki22 kela.fi
First 150 of 324 actions detected
| 0:23 | Build | Town Center |
| 2:17 | Create | Villager (Male) |
| 2:17 | Create | Villager (Male) |
| 2:17 | Create | Villager (Male) |
| 2:17 | Create | Villager (Male) |
| 3:31 | Research | Loom |
| 3:31 | Create | Villager (Male) |
| 4:17 | Build | Dock |
| 4:25 | Build | Dock |
| 4:33 | Create | Villager (Male) |
| 4:34 | Create | Villager (Male) |
| 4:44 | Build | Dock |
| 5:36 | Create | Villager (Male) |
| 5:36 | Create | Villager (Male) |
| 5:36 | Create | Villager (Male) |
| 5:40 | Create | Villager (Male) |
| 6:13 | Create | Fishing Ship |
| 6:51 | Create | Villager (Male) |
| 6:51 | Create | Villager (Male) |
| 6:52 | Create | Villager (Male) |
| 7:23 | Create | Fishing Ship |
| 8:00 | Create | Villager (Male) |
| 8:00 | Create | Villager (Male) |
| 8:00 | Create | Villager (Male) |
| 8:17 | Create | Fishing Ship |
| 8:21 | Create | Villager (Male) |
| 8:53 | Create | Villager (Male) |
| 9:37 | Create | Fishing Ship |
| 9:38 | Create | Fishing Ship |
| 10:01 | Create | Villager (Male) |
| 10:43 | Create | Villager (Male) |
| 10:47 | Build | Lumber Camp |
| 10:52 | Create | Fishing Ship |
| 11:10 | Create | Villager (Male) |
| 11:16 | Create | Fishing Ship |
| 11:17 | Create | Fishing Ship |
| 11:48 | Research | Feudal Age |
| 12:12 | Build | Mining Camp |
| 13:47 | Build | Lumber Camp |
| 13:54 | Create | Villager (Male) |
| 13:55 | Create | Villager (Male) |
| 13:59 | Age | Feudal Age |
| 14:20 | Build | Watch Tower |
| 14:35 | Build | Watch Tower |
| 14:39 | Create | Villager (Male) |
| 14:40 | Create | Villager (Male) |
| 14:51 | Build | Watch Tower |
| 15:29 | Create | Villager (Male) |
| 16:43 | Create | Villager (Male) |
| 16:48 | Build | Blacksmith |
| 17:12 | Build | Mill |
| 17:29 | Create | Villager (Male) |
| 17:42 | Build | Market |
| 19:22 | Research | Castle Age |
| 20:03 | Build | Mill |
| 20:04 | Build | Farm |
| 20:05 | Build | Farm |
| 20:05 | Build | Farm |
| 20:05 | Build | Farm |
| 20:05 | Build | Farm |
| 20:07 | Build | Farm |
| 20:12 | Create | Villager (Male) |
| 21:04 | Build | Farm |
| 21:04 | Build | Farm |
| 21:04 | Build | Farm |
| 21:05 | Build | Farm |
| 21:20 | Build | Mining Camp |
| 21:48 | Build | Farm |
| 22:01 | Age | Castle Age |
| 23:01 | Create | Villager (Male) |
| 23:02 | Create | Villager (Male) |
| 23:09 | Create | Villager (Male) |
| 24:02 | Build | Town Center |
| 24:54 | Create | Villager (Male) |
| 25:07 | Create | Villager (Male) |
| 25:08 | Create | Villager (Male) |
| 25:09 | Create | Villager (Male) |
| 25:21 | Build | Farm |
| 26:07 | Build | Farm |
| 26:09 | Build | Farm |
| 26:44 | Create | Villager (Male) |
| 26:54 | Build | Farm |
| 26:55 | Build | Farm |
| 26:56 | Build | Farm |
| 26:57 | Build | Farm |
| 27:08 | Create | Villager (Male) |
| 27:16 | Build | Barracks |
| 27:46 | Create | Villager (Male) |
| 27:46 | Create | Villager (Male) |
| 27:46 | Create | Villager (Male) |
| 28:12 | Build | Stable |
| 28:34 | Create | Villager (Male) |
| 28:34 | Create | Villager (Male) |
| 29:18 | Create | Villager (Male) |
| 29:19 | Create | Villager (Male) |
| 29:19 | Create | Villager (Male) |
| 30:15 | Create | Villager (Male) |
| 30:15 | Create | Villager (Male) |
| 30:15 | Create | Villager (Male) |
| 30:46 | Build | Town Center |
| 30:50 | Create | Villager (Male) |
| 30:50 | Create | Villager (Male) |
| 30:57 | Create | Knight |
| 31:39 | Create | Villager (Male) |
| 31:39 | Create | Villager (Male) |
| 32:04 | Build | Watch Tower |
| 33:43 | Build | Town Center |
| 34:03 | Create | Villager (Male) |
| 35:32 | Create | Villager (Male) |
| 35:32 | Create | Villager (Male) |
| 36:03 | Build | Town Center |
| 36:54 | Create | Villager (Male) |
| 36:55 | Create | Villager (Male) |
| 37:04 | Build | Mill |
| 37:06 | Build | Farm |
| 37:06 | Build | Farm |
| 37:06 | Build | Farm |
| 37:07 | Build | Farm |
| 37:07 | Build | Farm |
| 37:07 | Build | Farm |
| 37:07 | Build | Farm |
| 37:08 | Build | Farm |
| 37:08 | Build | Farm |
| 37:22 | Build | Farm |
| 37:28 | Create | Villager (Male) |
| 37:28 | Create | Villager (Male) |
| 37:29 | Create | Villager (Male) |
| 37:29 | Create | Villager (Male) |
| 37:29 | Create | Villager (Male) |
| 37:33 | Build | Farm |
| 37:34 | Build | Farm |
| 37:34 | Build | Farm |
| 37:36 | Build | Farm |
| 37:36 | Build | Farm |
| 37:37 | Build | Farm |
| 38:42 | Research | Double-Bit Axe |
| 38:50 | Build | Mill |
| 38:51 | Build | Farm |
| 38:51 | Build | Farm |
| 38:51 | Build | Farm |
| 38:52 | Build | Farm |
| 38:52 | Build | Farm |
| 38:53 | Build | Farm |
| 38:55 | Create | Villager (Male) |
| 39:03 | Build | Farm |
| 39:05 | Build | Farm |
| 39:06 | Build | Farm |
| 39:07 | Build | Farm |
| 39:10 | Build | Farm |
| 39:11 | Build | Farm |
Build order — yūgen
First 150 of 338 actions detected
| 0:06 | Build | Town Center |
| 0:35 | Build | House |
| 0:38 | Build | Dock |
| 2:19 | Create | Villager (Male) |
| 2:19 | Create | Villager (Male) |
| 2:19 | Create | Villager (Male) |
| 2:20 | Create | Villager (Male) |
| 3:47 | Create | Fishing Ship |
| 3:55 | Build | House |
| 3:58 | Create | Villager (Male) |
| 4:21 | Create | Villager (Male) |
| 4:45 | Create | Villager (Male) |
| 5:11 | Create | Villager (Male) |
| 5:25 | Build | House |
| 5:26 | Build | House |
| 5:39 | Create | Villager (Male) |
| 5:46 | Create | Fishing Ship |
| 6:01 | Create | Villager (Male) |
| 6:03 | Create | Villager (Male) |
| 6:18 | Create | Fishing Ship |
| 6:48 | Build | House |
| 6:56 | Create | Villager (Male) |
| 6:56 | Create | Villager (Male) |
| 7:01 | Create | Fishing Ship |
| 7:19 | Research | Loom |
| 7:25 | Create | Fishing Ship |
| 7:47 | Create | Villager (Male) |
| 8:04 | Build | Mill |
| 8:09 | Create | Villager (Male) |
| 8:23 | Build | Lumber Camp |
| 8:33 | Create | Villager (Male) |
| 8:38 | Create | Villager (Male) |
| 8:58 | Create | Villager (Male) |
| 9:09 | Build | House |
| 9:16 | Create | Villager (Male) |
| 9:22 | Build | House |
| 9:24 | Build | House |
| 9:27 | Build | Palisade Wall |
| 9:29 | Build | Palisade Wall |
| 9:40 | Create | Fishing Ship |
| 9:54 | Create | Villager (Male) |
| 10:01 | Create | Villager (Male) |
| 10:05 | Create | Villager (Male) |
| 10:12 | Create | Fishing Ship |
| 10:43 | Create | Villager (Male) |
| 10:47 | Build | Mining Camp |
| 10:51 | Create | Villager (Male) |
| 11:27 | Research | Feudal Age |
| 12:07 | Build | Palisade Wall |
| 12:09 | Build | Palisade Wall |
| 12:11 | Build | Palisade Wall |
| 12:15 | Build | Palisade Wall |
| 12:17 | Build | House |
| 12:20 | Build | Palisade Wall |
| 12:20 | Build | Palisade Wall |
| 12:26 | Build | House |
| 12:29 | Build | House |
| 12:31 | Build | Palisade Wall |
| 12:34 | Create | Villager (Male) |
| 12:51 | Build | House |
| 12:54 | Build | House |
| 12:57 | Build | House |
| 12:58 | Create | Villager (Male) |
| 13:24 | Create | Villager (Male) |
| 13:43 | Age | Feudal Age |
| 13:47 | Build | Market |
| 13:52 | Build | Blacksmith |
| 14:14 | Research | Double-Bit Axe |
| 14:37 | Research | Castle Age |
| 14:39 | Create | Villager (Male) |
| 14:53 | Build | Mining Camp |
| 15:11 | Build | House |
| 15:13 | Build | House |
| 15:15 | Build | House |
| 15:19 | Build | Palisade Wall |
| 15:23 | Build | Palisade Wall |
| 15:24 | Build | Palisade Wall |
| 15:28 | Build | Palisade Wall |
| 15:46 | Create | Villager (Male) |
| 15:48 | Research | Horse Collar |
| 15:54 | Build | Farm |
| 15:57 | Build | Farm |
| 16:00 | Build | Farm |
| 16:04 | Build | Farm |
| 16:49 | Create | Villager (Male) |
| 17:05 | Create | Villager (Male) |
| 17:17 | Age | Castle Age |
| 17:34 | Build | Barracks |
| 17:58 | Build | Barracks |
| 18:01 | Create | Villager (Male) |
| 18:11 | Build | House |
| 18:58 | Create | Villager (Male) |
| 19:04 | Create | Spearman |
| 19:06 | Create | Spearman |
| 19:06 | Create | Spearman |
| 19:53 | Create | Villager (Male) |
| 19:54 | Create | Villager (Male) |
| 19:54 | Create | Villager (Male) |
| 20:45 | Build | Castle |
| 21:01 | Build | House |
| 21:10 | Create | Villager (Male) |
| 21:11 | Create | Villager (Male) |
| 21:11 | Create | Villager (Male) |
| 21:12 | Create | Villager (Male) |
| 21:22 | Build | Town Center |
| 21:31 | Build | Lumber Camp |
| 21:51 | Create | Villager (Male) |
| 21:52 | Create | Villager (Male) |
| 21:52 | Create | Villager (Male) |
| 22:00 | Create | Genoese Crossbowman |
| 22:01 | Create | Genoese Crossbowman |
| 22:01 | Create | Genoese Crossbowman |
| 22:01 | Create | Genoese Crossbowman |
| 22:03 | Create | Genoese Crossbowman |
| 22:11 | Create | Villager (Male) |
| 22:12 | Create | Villager (Male) |
| 22:26 | Create | Fire Galley ×3 |
| 22:37 | Create | Villager (Male) |
| 22:45 | Research | Fletching |
| 22:51 | Create | Villager (Male) |
| 22:53 | Research | Gold Mining |
| 23:07 | Create | Villager (Male) |
| 23:07 | Create | Villager (Male) |
| 23:08 | Create | Genoese Crossbowman |
| 23:33 | Build | House |
| 23:35 | Build | House |
| 24:12 | Create | Genoese Crossbowman |
| 24:12 | Create | Genoese Crossbowman |
| 24:12 | Create | Genoese Crossbowman |
| 24:33 | Build | House |
| 24:52 | Create | Villager (Male) |
| 24:53 | Create | Villager (Male) |
| 24:57 | Build | Farm |
| 25:00 | Build | Farm |
| 25:16 | Build | House |
| 25:17 | Build | House |
| 25:17 | Build | House |
| 25:42 | Create | Villager (Male) |
| 25:42 | Create | Villager (Male) |
| 25:47 | Create | Genoese Crossbowman |
| 25:47 | Create | Genoese Crossbowman |
| 25:48 | Create | Genoese Crossbowman |
| 26:10 | Create | Villager (Male) |
| 26:10 | Create | Villager (Male) |
| 26:18 | Build | Market |
| 26:25 | Build | Lumber Camp |
| 26:34 | Create | Genoese Crossbowman |
| 26:34 | Create | Genoese Crossbowman |
| 26:34 | Create | Genoese Crossbowman |
| 26:35 | Create | Genoese Crossbowman |
Build order — Kullervo
First 150 of 631 actions detected
| 0:11 | Build | Town Center |
| 0:20 | Build | Dock |
| 0:23 | Build | House |
| 2:25 | Create | Villager (Male) |
| 2:25 | Create | Villager (Male) |
| 2:25 | Create | Villager (Male) |
| 2:25 | Create | Villager (Male) |
| 3:27 | Create | Fishing Ship |
| 3:34 | Create | Villager (Male) |
| 4:05 | Build | House |
| 4:28 | Create | Villager (Male) |
| 4:59 | Create | Villager (Male) |
| 5:00 | Create | Fishing Ship |
| 5:19 | Create | Villager (Male) |
| 5:19 | Create | Villager (Male) |
| 5:37 | Create | Fishing Ship |
| 5:45 | Build | House |
| 5:50 | Create | Villager (Male) |
| 5:50 | Create | Villager (Male) |
| 6:13 | Create | Villager (Male) |
| 6:30 | Create | Villager (Male) |
| 6:31 | Create | Fishing Ship |
| 6:40 | Build | House |
| 6:56 | Create | Villager (Male) |
| 7:21 | Create | Villager (Male) |
| 7:22 | Create | Villager (Male) |
| 7:26 | Create | Fishing Ship |
| 7:48 | Create | Villager (Male) |
| 7:57 | Create | Villager (Male) |
| 7:57 | Create | Fishing Ship |
| 8:07 | Build | House |
| 8:41 | Create | Villager (Male) |
| 8:41 | Create | Villager (Male) |
| 8:48 | Create | Fishing Ship |
| 8:48 | Create | Fishing Ship |
| 9:03 | Build | Palisade Wall |
| 9:30 | Create | Villager (Male) |
| 9:35 | Build | Mining Camp |
| 10:05 | Research | Feudal Age |
| 10:06 | Research | Feudal Age |
| 10:33 | Build | Mill |
| 12:00 | Create | Villager (Male) |
| 12:15 | Age | Feudal Age |
| 12:17 | Build | Market |
| 12:26 | Build | Blacksmith |
| 12:41 | Create | Villager (Male) |
| 13:01 | Research | Castle Age |
| 13:02 | Research | Castle Age |
| 13:23 | Build | Lumber Camp |
| 13:35 | Research | Loom |
| 13:43 | Research | Double-Bit Axe |
| 14:00 | Build | Barracks |
| 14:35 | Research | Horse Collar |
| 14:41 | Research | Scale Barding Armor |
| 15:00 | Build | Stable |
| 15:06 | Create | Villager (Male) |
| 15:11 | Build | House |
| 15:15 | Build | House |
| 15:25 | Create | Villager (Male) |
| 15:46 | Age | Castle Age |
| 15:48 | Create | Knight |
| 16:06 | Create | Knight |
| 16:06 | Create | Villager (Male) |
| 16:09 | Research | Bow Saw |
| 16:25 | Build | Farm |
| 16:29 | Build | Farm |
| 16:33 | Create | Knight |
| 17:03 | Create | Villager (Male) |
| 17:04 | Create | Knight |
| 17:49 | Create | Knight |
| 17:49 | Create | Knight |
| 17:49 | Create | Villager (Male) |
| 17:50 | Create | Villager (Male) |
| 17:53 | Build | Town Center |
| 17:54 | Create | Villager (Male) |
| 17:55 | Create | Villager (Male) |
| 18:27 | Build | House |
| 18:32 | Build | House |
| 18:32 | Build | House |
| 18:33 | Build | House |
| 18:46 | Research | Wheelbarrow |
| 18:49 | Build | House |
| 18:49 | Build | House |
| 18:50 | Build | House |
| 18:50 | Build | House |
| 18:55 | Research | Husbandry |
| 19:12 | Build | Lumber Camp |
| 19:14 | Build | Farm |
| 19:14 | Build | Farm |
| 19:15 | Build | Farm |
| 19:36 | Create | Villager (Male) |
| 19:43 | Build | Siege Workshop |
| 19:59 | Create | Villager (Male) |
| 20:00 | Create | Villager (Male) |
| 20:03 | Build | Farm |
| 20:04 | Build | Farm |
| 20:05 | Build | Farm |
| 20:09 | Build | Farm |
| 20:20 | Create | Villager (Male) |
| 20:23 | Build | Farm |
| 20:50 | Create | Villager (Male) |
| 20:50 | Create | Villager (Male) |
| 20:53 | Create | Villager (Male) |
| 20:55 | Build | Town Center |
| 21:08 | Create | Villager (Male) |
| 21:15 | Create | Knight |
| 21:19 | Create | Villager (Male) |
| 21:19 | Create | Villager (Male) |
| 21:43 | Create | Villager (Male) |
| 21:47 | Create | Villager (Male) |
| 21:53 | Build | Archery Range |
| 22:08 | Create | Villager (Male) |
| 22:08 | Create | Villager (Male) |
| 22:12 | Build | Archery Range |
| 22:16 | Research | Fletching |
| 22:27 | Create | Mangonel |
| 22:31 | Create | Villager (Male) |
| 22:32 | Create | Villager (Male) |
| 22:45 | Create | Villager (Male) |
| 22:50 | Build | Farm |
| 22:53 | Create | Archer |
| 22:59 | Research | Crossbowman (upgrade) |
| 23:21 | Create | Villager (Male) |
| 23:21 | Create | Villager (Male) |
| 23:21 | Create | Villager (Male) |
| 23:31 | Create | Archer |
| 23:31 | Create | Archer |
| 23:32 | Create | Archer |
| 23:34 | Build | Farm |
| 23:35 | Build | Farm |
| 23:36 | Build | Farm |
| 23:46 | Create | Archer |
| 23:46 | Create | Archer |
| 23:55 | Build | University |
| 24:02 | Create | Villager (Male) |
| 24:04 | Create | Archer |
| 24:05 | Create | Archer |
| 24:37 | Create | Villager (Male) |
| 24:37 | Create | Villager (Male) |
| 24:38 | Create | Villager (Male) |
| 24:44 | Research | Bodkin Arrow |
| 24:46 | Build | Archery Range |
| 24:50 | Create | Archer |
| 24:50 | Create | Archer |
| 25:01 | Research | Ballistics |
| 25:14 | Create | Villager (Male) |
| 25:14 | Create | Villager (Male) |
| 25:18 | Create | Villager (Male) |
| 25:18 | Create | Villager (Male) |
| 25:18 | Create | Villager (Male) |
Build order — pawheeeeee
First 150 of 439 actions detected
| 0:09 | Build | Town Center |
| 0:20 | Build | House |
| 1:12 | Build | Dock |
| 2:39 | Create | Villager (Male) |
| 2:39 | Create | Villager (Male) |
| 2:40 | Create | Villager (Male) |
| 2:40 | Create | Villager (Male) |
| 3:42 | Create | Fishing Ship |
| 3:54 | Create | Villager (Male) |
| 4:24 | Build | House |
| 4:53 | Create | Villager (Male) |
| 4:55 | Create | Fishing Ship |
| 5:25 | Create | Villager (Male) |
| 5:36 | Create | Fishing Ship |
| 5:48 | Create | Villager (Male) |
| 6:13 | Build | House |
| 6:16 | Create | Villager (Male) |
| 6:16 | Create | Villager (Male) |
| 6:37 | Create | Villager (Male) |
| 6:51 | Create | Fishing Ship |
| 7:03 | Create | Villager (Male) |
| 7:20 | Build | House |
| 7:31 | Create | Villager (Male) |
| 7:32 | Create | Villager (Male) |
| 7:32 | Create | Villager (Male) |
| 7:56 | Create | Fishing Ship |
| 8:07 | Build | Palisade Wall |
| 8:08 | Build | Palisade Wall |
| 8:16 | Build | Palisade Wall |
| 8:26 | Build | Palisade Wall |
| 8:27 | Build | Palisade Wall |
| 8:30 | Build | Palisade Wall |
| 8:35 | Create | Villager (Male) |
| 8:38 | Research | Loom |
| 8:38 | Create | Villager (Male) |
| 8:57 | Create | Villager (Male) |
| 8:59 | Create | Fishing Ship |
| 9:28 | Build | House |
| 9:36 | Create | Villager (Male) |
| 9:42 | Build | Lumber Camp |
| 9:49 | Create | Villager (Male) |
| 10:01 | Create | Villager (Male) |
| 10:12 | Create | Villager (Male) |
| 10:32 | Create | Villager (Male) |
| 10:55 | Build | Mining Camp |
| 10:57 | Research | Feudal Age |
| 11:05 | Build | House |
| 11:10 | Create | Villager (Male) |
| 11:31 | Create | Villager (Male) |
| 12:52 | Create | Villager (Male) |
| 13:07 | Age | Feudal Age |
| 13:12 | Build | Watch Tower |
| 13:16 | Build | House |
| 13:35 | Build | Mining Camp |
| 13:42 | Build | Blacksmith |
| 13:43 | Create | Villager (Male) |
| 13:46 | Research | Double-Bit Axe |
| 13:50 | Create | Unit 2626 |
| 14:08 | Create | Villager (Male) |
| 14:23 | Build | Palisade Wall |
| 14:24 | Build | Palisade Wall |
| 14:31 | Build | House |
| 14:37 | Create | Villager (Male) |
| 14:46 | Build | Watch Tower |
| 14:57 | Create | Villager (Male) |
| 15:28 | Create | Villager (Male) |
| 15:52 | Build | Watch Tower |
| 16:07 | Create | Villager (Male) |
| 16:09 | Build | House |
| 16:15 | Research | Wheelbarrow |
| 16:18 | Research | Fletching |
| 16:38 | Create | Villager (Male) |
| 16:52 | Build | Mill |
| 16:55 | Create | Villager (Male) |
| 17:08 | Build | Watch Tower |
| 17:10 | Create | Villager (Male) |
| 17:25 | Build | Palisade Wall |
| 17:25 | Build | Palisade Wall |
| 17:26 | Build | Palisade Wall |
| 17:26 | Build | Palisade Wall |
| 17:27 | Build | Palisade Wall |
| 17:27 | Build | Palisade Wall |
| 17:28 | Build | Palisade Wall |
| 17:28 | Build | Palisade Wall |
| 17:36 | Create | Villager (Male) |
| 18:19 | Build | Watch Tower |
| 18:25 | Create | Villager (Male) |
| 18:36 | Build | Market |
| 19:04 | Create | Villager (Male) |
| 19:19 | Build | Watch Tower |
| 19:28 | Build | House |
| 19:50 | Create | Villager (Male) |
| 20:03 | Build | Barracks |
| 20:37 | Create | Villager (Male) |
| 21:03 | Create | Spearman |
| 21:03 | Create | Spearman |
| 21:08 | Create | Villager (Male) |
| 21:13 | Create | Villager (Male) |
| 21:18 | Create | Villager (Male) |
| 21:27 | Create | Spearman |
| 21:31 | Build | Farm |
| 21:33 | Build | Farm |
| 21:34 | Build | Farm |
| 21:43 | Create | Spearman |
| 21:51 | Build | Farm |
| 22:04 | Create | Villager (Male) |
| 22:19 | Create | Villager (Male) |
| 22:37 | Build | Farm |
| 22:37 | Build | Farm |
| 22:43 | Create | Villager (Male) |
| 23:13 | Create | Villager (Male) |
| 24:12 | Research | Castle Age |
| 24:24 | Create | Villager (Male) |
| 24:28 | Create | Spearman |
| 24:33 | Build | Archery Range |
| 24:41 | Create | Spearman |
| 24:41 | Create | Villager (Male) |
| 24:42 | Create | Villager (Male) |
| 25:07 | Create | Villager (Male) |
| 25:14 | Create | Fishing Ship |
| 25:27 | Create | Villager (Male) |
| 25:39 | Create | Spearman |
| 25:45 | Build | Archery Range |
| 25:46 | Create | Skirmisher |
| 25:52 | Create | Skirmisher |
| 26:12 | Create | Villager (Male) |
| 26:26 | Create | Skirmisher |
| 26:52 | Age | Castle Age |
| 27:08 | Create | Villager (Male) |
| 27:08 | Create | Villager (Male) |
| 27:20 | Build | Castle |
| 27:38 | Research | Bodkin Arrow |
| 28:14 | Create | Villager (Male) |
| 28:23 | Build | Siege Workshop |
| 29:11 | Create | Villager (Male) |
| 29:24 | Create | Skirmisher |
| 29:24 | Create | Skirmisher |
| 29:25 | Create | Villager (Male) |
| 29:25 | Create | Villager (Male) |
| 29:44 | Create | Villager (Male) |
| 29:59 | Create | Skirmisher |
| 30:01 | Create | Skirmisher |
| 30:03 | Create | Fire Lancer |
| 30:05 | Create | Fire Lancer |
| 30:21 | Create | Villager (Male) |
| 30:35 | Create | Villager (Male) |
| 30:39 | Create | Villager (Male) |
| 30:43 | Build | Town Center |
| 30:48 | Research | Bow Saw |
| 30:49 | Research | Horse Collar |
Match timeline
| 0:20 | Kullervo · first_building Dock |
| 0:38 | yūgen · first_building Dock |
| 1:12 | pawheeeeee · first_building Dock |
| 4:17 | Markki22 kela.fi · first_building Dock |
| 8:07 | pawheeeeee · wall_segment Palisade Wall x1 |
| 8:08 | pawheeeeee · wall_segment Palisade Wall x1 |
| 8:16 | pawheeeeee · wall_segment Palisade Wall x1 |
| 8:26 | pawheeeeee · wall_segment Palisade Wall x1 |
| 8:27 | pawheeeeee · wall_segment Palisade Wall x1 |
| 8:30 | pawheeeeee · wall_segment Palisade Wall x1 |
| 9:03 | Kullervo · wall_segment Palisade Wall x1 |
| 9:27 | yūgen · wall_segment Palisade Wall x6 |
| 9:29 | yūgen · wall_segment Palisade Wall x7 |
| 12:07 | yūgen · wall_segment Palisade Wall x1 |
| 12:09 | yūgen · wall_segment Palisade Wall x1 |
| 12:11 | yūgen · wall_segment Palisade Wall x1 |
| 12:15 | yūgen · wall_segment Palisade Wall x1 |
| 12:15 | Kullervo · age_up feudal |
| 12:20 | yūgen · wall_segment Palisade Wall x1 |
| 12:20 | yūgen · wall_segment Palisade Wall x1 |
| 12:31 | yūgen · wall_segment Palisade Wall x1 |
| 13:07 | pawheeeeee · age_up feudal |
| 13:43 | yūgen · age_up feudal |
| 13:59 | Markki22 kela.fi · age_up feudal |
| 14:00 | Kullervo · first_building Barracks |
| 14:23 | pawheeeeee · wall_segment Palisade Wall x1 |
| 14:24 | pawheeeeee · wall_segment Palisade Wall x1 |
| 15:00 | Kullervo · first_building Stable |
| 15:19 | yūgen · wall_segment Palisade Wall x1 |
| 15:23 | yūgen · wall_segment Palisade Wall x7 |
| 15:24 | yūgen · wall_segment Palisade Wall x1 |
| 15:28 | yūgen · wall_segment Palisade Wall x5 |
| 15:46 | Kullervo · age_up castle |
| 17:17 | yūgen · age_up castle |
| 17:25 | pawheeeeee · wall_segment Palisade Wall x1 |
| 17:25 | pawheeeeee · wall_segment Palisade Wall x1 |
| 17:26 | pawheeeeee · wall_segment Palisade Wall x1 |
| 17:26 | pawheeeeee · wall_segment Palisade Wall x1 |
| 17:27 | pawheeeeee · wall_segment Palisade Wall x1 |
| 17:27 | pawheeeeee · wall_segment Palisade Wall x1 |
| 17:28 | pawheeeeee · wall_segment Palisade Wall x1 |
| 17:28 | pawheeeeee · wall_segment Palisade Wall x1 |
| 17:34 | yūgen · first_building Barracks |
| 19:20 | Markki22 kela.fi · first_market_buy 100 food |
| 19:43 | Kullervo · first_building Siege Workshop |
| 20:03 | pawheeeeee · first_building Barracks |
| 20:05 | pawheeeeee · first_market_sell 100 wood |
| 20:07 | pawheeeeee · first_market_buy 100 food |
| 20:45 | yūgen · first_building Castle |
| 21:53 | Kullervo · first_building Archery Range |
| 22:01 | Markki22 kela.fi · age_up castle |
| 23:54 | Markki22 kela.fi · first_market_sell 100 food |
| 24:09 | yūgen · tribute_sent a jugador 2 |
| 24:09 | yūgen · tribute_sent a jugador 3 |
| 24:09 | yūgen · tribute_sent a jugador 4 |
| 24:33 | pawheeeeee · first_building Archery Range |
| 26:52 | pawheeeeee · age_up castle |
| 27:07 | yūgen · first_market_sell 100 wood |
| 27:08 | yūgen · first_market_buy 100 food |
| 27:16 | Markki22 kela.fi · first_building Barracks |
| 27:20 | pawheeeeee · first_building Castle |
| 27:59 | yūgen · wall_segment Palisade Wall x1 |
| 28:12 | Markki22 kela.fi · first_building Stable |
| 28:23 | pawheeeeee · first_building Siege Workshop |
| 29:14 | yūgen · first_building Siege Workshop |
| 31:58 | Kullervo · first_market_buy 100 stone |
| 32:00 | Kullervo · first_building Castle |
| 33:30 | Kullervo · tribute_sent a jugador 1 |
| 33:30 | Kullervo · tribute_sent a jugador 3 |
| 33:30 | Kullervo · tribute_sent a jugador 4 |
| 35:56 | Kullervo · tribute_sent a jugador 1 |
| 35:56 | Kullervo · tribute_sent a jugador 3 |
| 35:56 | Kullervo · tribute_sent a jugador 4 |
| 38:22 | Kullervo · age_up imperial |
| 41:21 | yūgen · first_building Stable |
| 43:10 | yūgen · age_up imperial |
| 43:49 | pawheeeeee · age_up imperial |
| 43:54 | Markki22 kela.fi · first_building Castle |
| 45:56 | Kullervo · first_market_sell 100 wood |
| 46:31 | yūgen · first_building Archery Range |
| 47:19 | Kullervo · tribute_sent a jugador 1 |
| 47:19 | Kullervo · tribute_sent a jugador 3 |
| 47:19 | Kullervo · tribute_sent a jugador 4 |
| 50:30 | Markki22 kela.fi · age_up imperial |
| 51:35 | pawheeeeee · resign |
[ AI ANALYSIS · 1 CREDIT ]
What really happened in this match?
Wolo.gg analyzes every decision: build order, eco, micro, common mistakes by bracket. Personalized analysis on WhatsApp or Discord in 30 seconds.
Civ guide
Huns
Map guide
Nomad
Perfil
Jugador #4480997